 Dungeon Crawl Stone Soup version 0.24.0-1-gfbc8707122 (webtiles) character file.

Game seed: 5866742911979898738, levelgen mode: deterministic

1187 Mrkan the Skirmisher (level 8, -1/71 HPs)
             Began as a Pale Draconian Transmuter on Oct 28, 2019.
             Slain by an ogre
             ... wielding a +0 giant spiked club
              (17 damage)
             ... on level 6 of the Dungeon.
             The game lasted 00:12:56 (6939 turns).

Mrkan the Skirmisher (Pale Draconian Transmuter)    Turns: 6939, Time: 00:12:57

Health: -1/71      AC:  6    Str: 13    XL:     8   Next: 19%
Magic:  10/11      EV: 13    Int: 16    God:
Gold:   335        SH:  4    Dex: 11    Spells: 8/11 levels left

rFire    . . .     SeeInvis .     - Unarmed
rCold    . . .     Gourm    .   m - +0 buckler
rNeg     . . .     Faith    .   (armour unavailable)
rPois    .         Spirit   .   (helmet restricted)
rElec    .         Reflect  .   (no cloak)
rCorr    .         Harm     .   (no gloves)
MR       .....                  (boots currently unavailable)
Stlth    +.........             e - amulet of the acrobat
HPRegen  0.21/turn              (no ring)
MPRegen  0.12/turn              (no ring)

@: lethally poisoned (-1 -> -1), appendage
A: breathe steam, unfitting armour, talons 3, cold-blooded, AC +6
a: Breathe Steam, End Transformation


You were on level 6 of the Dungeon.
You were not hungry.
You had grown temporary talons.
You visited 1 branch of the dungeon, and saw 6 of its levels.

You collected 335 gold pieces.

Inventory:

Missiles
 a - 142 arrows
Armour
 m - a +0 buckler (worn)
Jewellery
 e - an amulet of the acrobat (around neck)
 q - an uncursed ring of protection from magic
Wands
 v - a wand of flame (14)
Scrolls
 h - 6 scrolls of teleportation
 i - a scroll of enchant armour {unknown}
 j - a scroll of remove curse {unknown}
 l - 2 scrolls of magic mapping {unknown}
 o - a scroll of identify
 p - 2 scrolls of enchant weapon {unknown}
 t - a scroll of immolation {unknown}
 w - a scroll of fog {unknown}
Potions
 b - a potion of lignification {unknown}
 d - a potion of mutation
 f - 2 potions of curing
 g - a potion of degeneration {unknown}
 k - 2 potions of flight
 n - 2 potions of ambrosia {unknown}
 r - a potion of might {unknown}
 s - 2 potions of heal wounds
 u - a potion of magic {unknown}
Comestibles
 c - 6 rations


   Skills:
 + Level 6.8 Fighting
 - Level 2.8 Dodging
 - Level 4.1 Shields
 - Level 5.1 Unarmed Combat
 - Level 2.0 Spellcasting
 - Level 4.1 Transmutations


You had 8 spell levels left.
You knew the following spells:

 Your Spells              Type           Power        Failure   Level  Hunger
a - Beastly Appendage     Tmut           ##....       3%          1    #......
b - Sticks to Snakes      Tmut           ##......     6%          2    ###....

Your spell library contained the following spells:

 Spells                   Type           Power        Failure   Level  Hunger
 Shock                    Conj/Air       #...         21%         1    #......
 Spider Form              Tmut/Pois      #.........   26%         3    ###....
 Swiftness                Chrm/Air       #.......     30%         2    ###....
 Static Discharge         Conj/Air       #.......     52%         3    ###....
 Ice Form                 Ice/Tmut       #.......     65%         4    #####..
 Blade Hands              Tmut           ##........   71%         5    ######.
 Airstrike                Air            #.........   90%         4    #####..
 Lightning Bolt           Conj/Air       #.........   99%         5    ######.


Dungeon Overview and Level Annotations

Branches:
Dungeon (6/15)             Temple (0/1) D:5

Altars:
Gozag
Trog

Annotations:
D:3 2 runed translucent doors, Froggeryz's ghost, amateur KoCK
D:5 1 runed translucent door, Conn's ghost, novice OpFE


Innate Abilities, Weirdness & Mutations

You can breathe blasts of scalding, opaque steam.
Your pale cyan-grey scales are hard. (AC +6)
You cannot fit into any form of body armour.
You are cold-blooded and may be slowed by cold attacks.
You have claws for feet.


Message History

The worker ant closely misses you.
You closely miss the worker ant.
The worker ant is severely wounded.
The orc hits you with a +0 hand axe. You block the ogre's attack.
The worker ant bites you.
* * * LOW HITPOINT WARNING * * *
You hit the worker ant. You tail-slap the worker ant.
You kill the worker ant!
You feel sick. The orc hits you but does no damage.
You see here a worker ant corpse.
Casting: Beastly Appendage (safe; 3% risk of failure)
Confirm with . or Enter, or press ? or * to list all spells.
Your feet morph into talons.
You block the ogre's attack.
You feel sick.
There is a stone staircase leading down here.
You see here a sky beast corpse.
There is a stone staircase leading up here.
You feel sick.
The ogre hits you with a +0 giant spiked club!
You die...

##.. ...# #..# #
#..# ###.
#..###### ...
#.......# #..
#...@...# ##.##.#
#.#O....#
#......##.o.....#
#...†.#.....#
#####.#####.# #.#
..# #.# .# #.. .#
...


You could see an ogre and an orc.

Vanquished Creatures
  Duvessa (D:5)
  A sky beast (D:6)
  2 ogres
  A centaur (D:5)
  Dowan (D:5)
  2 scorpions
  A hound (D:4)
  3 bullfrog skeletons
  An orc priest (D:3)
  3 orc wizards
  An iguana (D:4)
  2 worker ants
  Robin (D:2)
  7 gnolls
  6 adders
  2 oozes
  4 leopard geckos
  17 orcs
  5 giant cockroaches
  8 goblins
  6 hobgoblins
  7 jackals
  9 kobolds
  A quokka (D:3)
  10 bats
  3 frilled lizards
  A jackal skeleton (D:4)
  14 rats
  A rat zombie (D:4)
121 creatures vanquished.

Vanquished Creatures (collateral kills)
  An ogre (D:5)
  An iguana (D:4)
2 creatures vanquished.

Grand Total: 123 creatures vanquished

Notes
Turn   | Place    | Note
-------+----------+-------------------------------------------
     0 | D:1      | Mrkan the Draconian Transmuter began the quest for the Orb.
     0 | D:1      | Reached XP level 1. HP: 16/16 MP: 3/3
   208 | D:1      | Reached XP level 2. HP: 19/23 MP: 5/5
   960 | D:2      | Noticed Robin
   991 | D:2      | Killed Robin
   991 | D:2      | Reached XP level 3. HP: 13/29 MP: 6/6
  1409 | D:2      | Learned a level 2 spell: Sticks to Snakes
  1650 | D:2      | Reached skill level 2 in Fighting
  1765 | D:2      | Reached XP level 4. HP: 36/36 MP: 5/7
  2130 | D:3      | Noticed an ogre
  2151 | D:3      | Killed an ogre
  2151 | D:3      | Reached skill level 1 in Shields
  2151 | D:3      | Reached XP level 5. HP: 42/42 MP: 1/8
  2588 | D:3      | Found a runed translucent door.
  2817 | D:3      | Noticed Froggeryz's ghost (amateur KoCK)
  2845 | D:3      | Found a runed translucent door.
  2906 | D:3      | Reached XP level 6. HP: 20/50 MP: 9/9
  3428 | D:4      | Reached skill level 3 in Fighting
  3707 | D:4      | HP: 2/51 [orc wizard/magic dart (8)]
  4135 | D:4      | Found an opulent altar of Gozag.
  4204 | D:4      | Reached skill level 5 in Unarmed Combat
  4673 | D:4      | Your scales start taking on a pale cyan-grey colour.
  4673 | D:4      | Reached XP level 7. HP: 28/57 MP: 10/10
  5398 | D:5      | Entered Level 5 of the Dungeon
  5637 | D:5      | Noticed a moth of wrath
  5640 | D:5      | Found a bloodstained altar of Trog.
  5713 | D:5      | Found a runed translucent door.
  5715 | D:5      | Noticed Conn's ghost (novice OpFE)
  5840 | D:5      | Noticed Duvessa
  5840 | D:5      | Noticed Dowan
  5875 | D:5      | Killed Duvessa
  5875 | D:5      | Reached skill level 4 in Fighting
  5895 | D:5      | Killed Dowan
  6257 | D:5      | Found a staircase to the Ecumenical Temple.
  6420 | D:5      | Reached skill level 5 in Fighting
  6626 | D:5      | Reached XP level 8. HP: 42/70 MP: 8/11
  6847 | D:5      | Reached skill level 6 in Fighting
  6939 | D:6      | Slain by an ogre

Levels and vault maps discovered:
D:1:      dpeg_arrival_windows_large_door, layout_loops_ring,
          minmay_pentomino_t4
D:2:      layout_basic, uniq_robin
D:3:      layout_loops_ring, ebering_ghost_sewer_f
D:4:      layout_loops_ring, enter_ossuary_3, grunt_gozag_breadcrumbs
D:5:      layout_loops_ring, temple_doors_e, hellmonk_ghost_happy_afterlife,
          first_ration, tgw_trog, uniq_duvessa
D:6:      layout_rooms, nemelex_xobeh_ov_fountains_minmay, minmay_pentangle

Skill      XL: |  1  2  3  4  5  6  7  8 |
---------------+-------------------------+-----
Dodging        | 2 |  2.8
Fighting       | 2 3 5 6 |  6.8
Shields        | 1 2 4 |  4.1
Unarmed Combat | 4 5 |  5.1
Transmutations | 3 4 |  4.1
Spellcasting   | |  2.0

Action                   |  1- 3 |  4- 6 |  7- 9 || total
-------------------------+-------+-------+-------++-------
Melee: Unarmed           |   125 |   289 |   170 ||   584
       Tailslap          |    12 |    26 |    16 ||    54
       Headbutt          |     7 |     8 |    15 ||    30
       Punch             |     2 |       |       ||     2
       Kick              |     7 |    23 |     7 ||    37
 Cast: Beastly Appendage |    13 |    27 |    14 ||    54
       Sticks to Snakes  |     1 |     8 |     9 ||    18
  Use: Potion            |     1 |     1 |     1 ||     3
       Scroll            |       |       |     5 ||     5
 Stab: Sleeping          |     1 |       |       ||     1
  Eat: Chunk             |     3 |     7 |     5 ||    15
       Ration            |       |     1 |     1 ||     2
Armor: Skin              |    41 |    70 |    32 ||   143
Dodge: Dodged            |    90 |   190 |   122 ||   402
Block: Buckler           |     2 |    48 |    46 ||    96
